 Dungeon Sprint DCSS version 0.17.0-28-g6e173f8 (webtiles) character file.

7480 xeno23 the Bludgeoner (level 10, -17/111 HPs)
             Began as a Minotaur Berserker on Nov 24, 2015.
             Was the Champion of Trog.
             Killed from afar by Roxanne (55 damage)
             ... with a crystal spear
             ... in the Dungeon (Sprint II: "The Violet Keep of Menkaure").
             The game lasted 00:18:39 (2167 turns).

xeno23 the Bludgeoner (Minotaur Berserker)          Turns: 2167, Time: 00:19:09

Health: -17/111    AC: 26    Str: 24    XL:     10   Next: 94%
Magic:  9/9        EV: 17    Int:  4    God:    Trog [******]
Gold:   194        SH:  0    Dex: 11    Spells: 0 memorised, 9 levels left

rFire  + . .     SeeInvis .     l - +4 great mace (holy)
rCold  + . .     Clarity  .     k - +9 chain mail of Ladders and Snakes {+Inv rC+}
rNeg   + . .     SustAt   .     (shield currently unavailable)
rPois  .         Gourm    .     (helmet restricted)
rElec  .         Spirit   .     (no cloak)
rCorr  .         Warding  +     (no gloves)
rMut   .         NoTele   +     m - +0 pair of boots (curse)
MR     .....                    b - brooch of Shielding {Ward rN+ AC+4 EV+4}
Stlth  ..........               (no ring)
                                n - ring of protection from fire

@: lethally poisoned (-17 -> -57), flying, slowed, very slow, not resistant to
hostile enchantments, extremely unstealthy
A: retaliatory headbutt, horns 2
a: Berserk, Trog's Hand, Brothers in Arms, Burn Spellbooks, Renounce Religion,
Evoke Invisibility


You were in the Dungeon.
You worshipped Trog.
Trog was exalted by your worship.
You were very hungry.

You visited 1 branch You collected 1458 gold pieces.
You spent 1264 gold pieces at shops.

Inventory:

Hand Weapons
 l - a +4 great mace of holy wrath (weapon)
Armour
 k - the +9 chain mail of Ladders and Snakes (worn) {+Inv rC+}
   (You bought it in a shop in the Dungeon)

   It protects you from cold.
   It lets you turn invisible.
 m - a cursed +0 pair of boots (worn)
Jewellery
 b - the brooch of Shielding (around neck) {Ward rN+ AC+4 EV+4}
   (You bought it in a shop in the Dungeon)

   [amulet of warding]

   It may prevent the melee attacks of summoned creatures.
   It affects your AC (+4).
   It affects your evasion (+4).
   It protects you from negative energy.
 n - a ring of protection from fire (left hand)
Scrolls
 i - a scroll of blinking
 j - a scroll of summoning
Potions
 a - 2 potions of flight
 d - 2 potions of curing
 e - a potion of heal wounds
 f - a potion of haste
 g - 2 potions of magic
 h - a potion of berserk rage


   Skills:
 + Level 17.0 Fighting
 + Level 19.1 Maces & Flails
 + Level 11.7 Armour
 + Level 10.7 Dodging
 + Level 3.1 Stealth


You had 9 spell levels left.
You didn't know any spells.

Dungeon Overview and Level Annotations

Branches:
Dungeon (1/1)

Altars:
Gozag
Nemelex Xobeh
Xom
Yredelemnul
Zin

Shops:
D *==:*==[[([:[%(?(?!%}:!}*[?%

Annotations:
D exclusions: Roxanne and oklob plant, Roxanne


Innate Abilities, Weirdness & Mutations

You reflexively headbutt those who attack you in melee.
You have a pair of horns on your head.


Message History

You feel extremely sick.
You take 21 damage.
You are engulfed in dark miasma.
You are more poisoned.
You are feeling very hungry.
You feel extremely sick.
You take 13 damage.
You feel extremely sick.
You take 7 damage.
You feel extremely sick.
You take 7 damage.
You reach down and open the door.
Marking area around Roxanne as unsafe for travelling.
Roxanne, Geomancer Emeritus comes into view.
You feel very sick.
Roxanne mumbles some strange words.
You blink.
Roxanne casts a spell.
The crystal spear hits you!
You die...

#▓▓▓▓▓▓▓###≈##.###)###.##.
##?hh######≈≈####.).####≈≈
#$[.#.$+,##≈≈≈#..#..#≈≈§§
#∩P!+$.#+##'#≈##...##≈≈≈≈
#).)#%##.##(#≈≈##§##≈§≈≈≈
#)$.###§§§####≈§§§§§≈≈≈≈≈
##+###§§§§§#,#§§§#§§'#≈≈≈
*$q!##§§§§§###§§§§§§§##§§
**+###§§@§§##§§§§§§§≈§##§
*8$8#+§§8§§§§.≈§§§§§§≈≈+≈
*#+**#≈§≈§§##≈.≈≈§§..§##≈
*,,,*#§§§≈≈###.≈§.§≈≈##*#
**+**#§≈§≈.#∩####+####≈≈§
*,,,*##§§§##,,,,*****≈≈≈≈
*,∩,+*##.##∩,,,,,,,+≈≈≈≈≈
*,,,*,,###********,**≈≈≈≈
******,,,,,,,,,,,*,,**≈≈≈


You could see Roxanne, a red draconian knight (sleeping), 2 hell hogs, 2 toenail
golems and an oklob plant (unaware).

Vanquished Creatures
  Kirke (D)
  A centaur warrior (D)
  A skeletal warrior (D)
  An elephant (D)
  A siren (D)
  2 spiny frogs (D)
  2 polar bears (D)
  12 flying skulls (D)
  3 yaks (D)
  3 hippogriffs (D)
  Menkaure (D)
  2 wyverns (D)
  5 necrophages (D)
  4 lava snakes (D)
  An iron imp (D)
  4 worker ants (D)
  A hell rat (D)
  3 worms (D)
48 creatures vanquished.

Vanquished Creatures (collateral kills)
  A yaktaur captain (D)
  A kobold demonologist (D)
2 creatures vanquished.

Vanquished Creatures (others)
  A crocodile (D)
1 creature vanquished.

Grand Total: 51 creatures vanquished

Notes
Turn   | Place    | Note
--------------------------------------------------------------
     0 | D        | xeno23 the Minotaur Berserker began the quest for the Orb.
     0 | D        | Reached XP level 1. HP: 19/19 MP: 0/0
    12 | D        | Reached skill level 4 in Fighting
    15 | D        | Reached ** piety under Trog
    22 | D        | Killed a crocodile
   262 | D        | Noticed a lava snake
   262 | D        | Noticed a lava snake
   272 | D        | Reached skill level 5 in Maces & Flails
   272 | D        | Reached XP level 2. HP: 20/28 MP: 1/1
   281 | D        | Noticed a lava snake
   281 | D        | Noticed Menkaure
   283 | D        | Noticed a lava snake
   284 | D        | Killed Menkaure
   284 | D        | Reached skill level 7 in Fighting
   284 | D        | Reached skill level 8 in Maces & Flails
   284 | D        | Reached XP level 3. HP: 35/40 MP: 2/2
   284 | D        | Reached XP level 4. HP: 42/48 MP: 3/3
   395 | D        | Noticed a necrophage
   395 | D        | Noticed a necrophage
   395 | D        | Noticed a necrophage
   395 | D        | Noticed a necrophage
   398 | D        | Killed a necrophage
   398 | D        | Reached skill level 9 in Fighting
   398 | D        | Reached XP level 5. HP: 57/57 MP: 4/4
   400 | D        | Killed a necrophage
   400 | D        | Reached skill level 10 in Maces & Flails
   400 | D        | Reached skill level 5 in Dodging
   400 | D        | Reached XP level 6. HP: 66/66 MP: 5/5
   402 | D        | Killed a necrophage
   402 | D        | Reached skill level 10 in Fighting
   402 | D        | Reached skill level 11 in Maces & Flails
   402 | D        | Reached skill level 5 in Armour
   402 | D        | Reached skill level 1 in Stealth
   405 | D        | Killed a necrophage
   435 | D        | Noticed a siren
   456 | D        | Killed a siren
   456 | D        | Reached skill level 12 in Fighting
   456 | D        | Reached skill level 13 in Maces & Flails
   456 | D        | Reached XP level 7. HP: 78/78 MP: 6/6
   492 | D        | Noticed a flying skull
   492 | D        | Noticed a flying skull
   492 | D        | Noticed a flying skull
   492 | D        | Noticed a flying skull
   493 | D        | Noticed a flying skull
   493 | D        | Noticed a flying skull
   493 | D        | Noticed a flying skull
   494 | D        | Noticed a flying skull
   494 | D        | Noticed a flying skull
   495 | D        | Noticed a flying skull
   495 | D        | Noticed a flying skull
   496 | D        | Noticed a flying skull
   498 | D        | Found Cigare's Food Shop.
   499 | D        | Found Jaoboir's Gadget Shop.
   499 | D        | Found Xicir's Distillery.
   499 | D        | Found Isunuoc's Magic Scroll Boutique.
   500 | D        | Found Onahuelu's Magic Scroll Boutique.
   500 | D        | Found Jiudile's Antique Weapon Shop.
   501 | D        | Noticed a hell rat
   504 | D        | Killed a hell rat
   504 | D        | Reached *** piety under Trog
   509 | D        | Found Ruycai's Distillery.
   509 | D        | Found Nupseuk's Antique Armour Boutique.
   509 | D        | Found Ymaluim's Book Shop.
   509 | D        | Found Geniofai's Book Boutique.
   510 | D        | Found Anekelex's Magic Scroll Boutique.
   512 | D        | Found Ruqiraetz's Antique Armour Shop.
   513 | D        | Found Biruc's Antique Armour Boutique.
   513 | D        | Found Fuegh's Jewellery Shop.
   513 | D        | Noticed an iron elemental
   513 | D        | Noticed an oklob plant
   514 | D        | Found Angicuci's Book Shoppe.
   514 | D        | Found Qohid's Jewellery Boutique.
   515 | D        | Noticed a hell hog
   516 | D        | Noticed a hell hog
   522 | D        | Bought a shimmering chain mail for 199 gold pieces
   532 | D        | Identified the +9 chain mail of Ladders and Snakes {+Inv rC+} (You bought it in a shop in the Dungeon)
   548 | D        | Noticed a worker ant
   548 | D        | Noticed a worker ant
   548 | D        | Noticed a worker ant
   548 | D        | Noticed a worker ant
   551 | D        | Killed a worker ant
   558 | D        | Killed a worker ant
   564 | D        | Killed a worker ant
   568 | D        | Killed a worker ant
   568 | D        | Reached **** piety under Trog
   589 | D        | Bought the brooch of Shielding {Ward rN+ AC+4 EV+4} for 556 gold pieces
   619 | D        | Found a shimmering altar of Xom.
   619 | D        | Found a sparkling altar of Nemelex Xobeh.
   620 | D        | Found an opulent altar of Gozag.
   620 | D        | Found a basalt altar of Yredelemnul.
   620 | D        | Found a glowing silver altar of Zin.
   640 | D        | Noticed Kirke
   640 | D        | Noticed a kobold demonologist
   640 | D        | Noticed a yaktaur captain
   641 | D        | Noticed a spiny frog
   641 | D        | Noticed a blue devil
   659 | D        | Killed a yaktaur captain
   659 | D        | Reached skill level 14 in Maces & Flails
   659 | D        | Reached XP level 8. HP: 18/86 MP: 7/7
   662 | D        | Killed a kobold demonologist
   794 | D        | Noticed a skeletal warrior
   941 | D        | Noticed a centaur warrior
   948 | D        | Killed a centaur warrior
   948 | D        | Reached skill level 15 in Maces & Flails
   948 | D        | Reached XP level 9. HP: 95/95 MP: 8/8
   950 | D        | Killed a flying skull
   953 | D        | Killed a flying skull
   955 | D        | Killed a flying skull
   955 | D        | Reached skill level 16 in Maces & Flails
   974 | D        | Killed a skeletal warrior
   974 | D        | Reached skill level 15 in Fighting
   984 | D        | Killed a spiny frog
  1003 | D        | Killed a lava snake
  1003 | D        | Reached ***** piety under Trog
  1008 | D        | Killed a lava snake
  1012 | D        | Killed a lava snake
  1013 | D        | Killed a lava snake
  1026 | D        | Killed a flying skull
  1210 | D        | Noticed an elephant
  1224 | D        | Killed an elephant
  1224 | D        | Reached skill level 17 in Maces & Flails
  1253 | D        | Killed a flying skull
  1253 | D        | Reached XP level 10. HP: 72/107 MP: 9/9
  1263 | D        | Killed a flying skull
  1277 | D        | Killed a flying skull
  1277 | D        | Reached skill level 10 in Armour
  1280 | D        | Killed a flying skull
  1281 | D        | Killed a flying skull
  1284 | D        | Killed a flying skull
  1286 | D        | Killed a flying skull
  1300 | D        | Killed a flying skull
  1308 | D        | Killed Kirke
  1308 | D        | Received a gift from Trog
  1308 | D        | Reached skill level 18 in Maces & Flails
  1308 | D        | Reached skill level 10 in Dodging
  1511 | D        | Noticed a spiny frog
  1514 | D        | Killed a spiny frog
  1517 | D        | Noticed an iron imp
  1517 | D        | Noticed a necrophage
  1521 | D        | Killed an iron imp
  1525 | D        | Killed a necrophage
  1534 | D        | Noticed a hippogriff
  1534 | D        | Noticed a hippogriff
  1534 | D        | Noticed a hippogriff
  1539 | D        | Killed a hippogriff
  1541 | D        | Killed a hippogriff
  1544 | D        | Killed a hippogriff
  1701 | D        | Noticed a yak
  1701 | D        | Noticed a wyvern
  1701 | D        | Noticed a polar bear
  1701 | D        | Noticed a yak
  1701 | D        | Noticed a yak
  1701 | D        | Noticed a wyvern
  1701 | D        | Noticed a polar bear
  1707 | D        | Killed a polar bear
  1707 | D        | Reached ****** piety under Trog
  1709 | D        | Killed a polar bear
  1709 | D        | Received a gift from Trog
  1710 | D        | Killed a wyvern
  1714 | D        | Killed a wyvern
  1714 | D        | Reached skill level 19 in Maces & Flails
  1717 | D        | Killed a yak
  1720 | D        | Killed a yak
  1721 | D        | Killed a yak
  1745 | D        | Found Xippiucs's Assorted Antiques.
  1745 | D        | Found Warchaduips's Assorted Antiques.
  1745 | D        | Found Osutotox's Jewellery Shop.
  1745 | D        | Found Zoeppub's Jewellery Shoppe.
  1745 | D        | Found Xiufim's Weapon Boutique.
  1746 | D        | Found Zitay's Armour Shoppe.
  1746 | D        | Found Xuufualivah's Food Boutique.
  1746 | D        | Found Maneun's Food Emporium.
  1746 | D        | Found Ceceitygh's General Store.
  1746 | D        | Found Xutaxt's Weapon Emporium.
  1746 | D        | Found Buzastagel's Gadget Shop.
  1746 | D        | Found Ceczisic's Antique Armour Shoppe.
  1759 | D        | Bought a pair of embroidered boots for 94 gold pieces
  1770 | D        | Bought an uncursed ring of protection from fire for 325 gold pieces
  1857 | D        | Bought a scroll of identify for 24 gold pieces
  1857 | D        | Bought a scroll of magic mapping for 42 gold pieces
  1857 | D        | Bought a scroll of identify for 24 gold pieces
  2167 | D        | Noticed Roxanne
  2167 | D        | Killed from afar by Roxanne

Action                   |  1- 3 |  4- 6 |  7- 9 | 10-12 || total
-------------------------+-------+-------+-------+-------++-------
Melee: Mace              |    15 |    14 |    90 |    47 ||   166
       Morningstar       |       |       |       |    37 ||    37
Invok: Berserk           |     2 |     2 |     1 |     3 ||     8
       Brothers in Arms  |       |       |     1 |       ||     1
  Use: Scroll            |       |       |       |     3 ||     3
       Potion            |       |       |       |     1 ||     1
  Eat: Chunk             |       |     1 |     3 |     3 ||     7
       Bread ration      |       |       |     1 |       ||     1
